 Dungeon Crawl Stone Soup version 0.19.0-2-gae57169 (webtiles) character file.

1907 Inkary the Cleaver (level 8, 0/64 HPs)
             Began as a Minotaur Fighter on Nov 5, 2016.
             Was a Believer of Qazlal.
             Killed from afar by a steam dragon (22 damage)
             ... with a ball of steam
             ... on level 6 of the Dungeon.
             The game lasted 00:07:02 (4632 turns).

Inkary the Cleaver (Minotaur Fighter)               Turns: 4632, Time: 00:07:03

Health: 0/64       AC:  9    Str: 22    XL:     8   Next: 94%
Magic:  7/7        EV: 10    Int:  5    God:    Qazlal [**....]
Gold:   333        SH: 14    Dex: 11    Spells: 0 memorised, 7 levels left

rFire  . . .     SeeInvis .     a - +0 war axe
rCold  + . .     Gourm    .     b - +1 scale mail
rNeg   . . .     Faith    .     c - +0 shield
rPois  .         Spirit   .     (helmet restricted)
rElec  .         Reflect  .     s - +0 cloak
rCorr  .         Harm     .     (no gloves)
MR     .....                    (no boots)
Stlth  ..........               (no amulet)
                                A - ring of protection from cold
                                h - +2 ring of evasion

@: no status effects
A: retaliatory headbutt, horns 2
a: Upheaval, Renounce Religion


You were on level 6 of the Dungeon.
You worshipped Qazlal.
Qazlal was pleased with you.
You were very hungry.

You visited 1 branch of the dungeon, and saw 6 of its levels.
You also visited: Sewer.

You collected 333 gold pieces.

Inventory:

Hand Weapons
 a - a +0 war axe (weapon)
Missiles
 i - a throwing net (quivered)
Armour
 b - a +1 scale mail (worn)
 c - a +0 shield (worn)
 s - a +0 cloak (worn)
Jewellery
 h - a +2 ring of evasion (left hand)
 A - a ring of protection from cold (right hand)
Scrolls
 e - 3 scrolls of identify
 g - 10 scrolls of remove curse
 j - a scroll of magic mapping
 m - a scroll of fog {unknown}
 n - 4 scrolls of teleportation
 o - a scroll of immolation {unknown}
 p - a scroll of random uselessness {unknown}
 q - a scroll of enchant armour
 r - a scroll of blinking {unknown}
 t - a scroll of amnesia
 y - a scroll of summoning {unknown}
 C - a scroll of noise {unknown}
Potions
 d - a potion of cancellation {unknown}
 k - 5 potions of haste {unknown}
 l - 10 potions of curing
 u - 2 potions of magic {unknown}
 v - a potion of cure mutation {unknown}
 w - a potion of heal wounds
 x - a potion of might
 z - 6 potions of flight {unknown}
 D - a potion of resistance
Comestibles
 f - 6 bread rations
 B - a slice of pizza
 E - 3 fruits


   Skills:
 - Level 3.6 Fighting
 * Level 11.5 Axes
 - Level 3.6 Armour
 + Level 8.7 Shields


You had 7 spell levels left.
You didn't know any spells.

Dungeon Overview and Level Annotations

Branches:
Dungeon (6/15)             Temple (0/1) D:4

Altars:
Fedhas
Makhleb
Qazlal
Ru
Zin
The Shining One


Innate Abilities, Weirdness & Mutations

You reflexively headbutt those who attack you in melee.
You have a pair of horns on your head.


Message History

The ball of steam hits you!
The ball of steam hits the fungus.
Unknown command.
You slash the steam dragon!
You kill the steam dragon!
Qazlal accepts your kill.
You hear a splash.
The steam dragon scales are intact enough to wear.
You barely miss the steam dragon.
The fungus is engulfed in a cloud of scalding steam.
You block the steam dragon's attack. x2
You hit the steam dragon. Your headbutt misses the steam dragon.
The steam dragon is moderately wounded.
The fungus is engulfed in a cloud of scalding steam.
The steam dragon barely misses you. The steam dragon claws you.
Unknown command.
You slash the steam dragon!
The steam dragon is heavily wounded.
The steam dragon breathes steam at you. The ball of steam hits you!
You die...

..##...#....#,,,,,,,,,,,,,,*,,,,,
...#####....#,,,,,,,,,,,,,,*,,,,,
...#,,>#...(#,,,,,,,,,,,,,,+,,,,,
...#,,,#....#,,,,**###******,,,**
####,,,#....#,,,*##≈P###****,,,*
≈.###,,#..#######PPPP..#,,,,,,,*
P.≈^#######P^§P≈≈≈≈....#*,,,,,,*
≈PPP≈≈≈≈.....§§§.......≈**,**,,*
............≈^.§@D.....P**,**,,**
.≈PPP.≈^#########§≈...PP*,,,,,,,,
P########...#,,,,#.P≈≈≈#*,,,,,,,,
#######.....##+####P^.##*,,**,,**
..................#####**,,******
.......................*,,,*,,,,,
...........(...........*,,,*,,,,,
.......................*,,,*,,,,,
.......................*,,,*,,,,,


You could see a steam dragon.

Vanquished Creatures
  Grinder (Sewer)
  A steam dragon (D:6)
  A water moccasin (D:4)
  An ice beast (D:5)
  3 ogres
  A centaur (D:5)
  2 big kobolds (Sewer)
  2 bullfrogs
  A scorpion (D:6)
  A bullfrog zombie (D:5)
  A quasit (Sewer)
  A bullfrog skeleton (D:5)
  A jelly (D:5)
  A centaur skeleton (D:4)
  2 iguanas
  Ijyb (D:3)
  5 worker ants
  4 big kobold zombies (Sewer)
  Robin (D:3)
  A howler monkey zombie (D:5)
  2 worker ant zombies
  4 gnolls (D:3)
  7 adders
  4 shadow imps (Sewer)
  An ufetubus (Sewer)
  2 oozes
  An adder zombie (D:5)
  A worm (D:5)
  8 leopard geckos
  6 orcs (D:5)
  3 bats
  8 giant cockroaches
  20 goblins
  7 hobgoblins
  21 kobolds
  5 quokkas
  2 frilled lizards
  A leopard gecko zombie (D:5)
  A quokka skeleton (D:4)
  6 rats
142 creatures vanquished.

Vanquished Creatures (others)
  A big kobold zombie (Sewer)
  A fungus (D:6)
2 creatures vanquished.

Grand Total: 144 creatures vanquished

Notes
Turn   | Place    | Note
-------+----------+-------------------------------------------
     0 | D:1      | Inkary the Minotaur Fighter began the quest for the Orb.
     0 | D:1      | Reached XP level 1. HP: 19/19 MP: 0/0
   122 | D:1      | Reached skill level 3 in Axes
   139 | D:1      | Reached XP level 2. HP: 24/26 MP: 1/1
   436 | D:2      | Found a faded altar of an unknown god.
   514 | D:2      | Reached XP level 3. HP: 31/31 MP: 2/2
   602 | D:2      | Found a glowing golden altar of the Shining One.
   678 | D:2      | Reached skill level 4 in Axes
   804 | D:2      | Found a burning altar of Makhleb.
  1034 | D:3      | Found a sacrificial altar of Ru.
  1180 | D:3      | Noticed Robin
  1194 | D:3      | Reached XP level 4. HP: 20/39 MP: 3/3
  1207 | D:3      | Killed Robin
  1209 | D:3      | Reached skill level 5 in Axes
  1470 | D:3      | Noticed Ijyb
  1479 | D:3      | Killed Ijyb
  1504 | D:3      | Reached XP level 5. HP: 45/45 MP: 4/4
  1673 | D:3      | Reached skill level 5 in Shields
  1896 | D:4      | Found a stormy altar of Qazlal.
  1927 | D:4      | Became a worshipper of Qazlal Stormbringer
  2041 | D:4      | Reached skill level 6 in Axes
  2094 | D:4      | Noticed a water moccasin
  2103 | D:4      | Killed a water moccasin
  2103 | D:4      | Reached XP level 6. HP: 46/51 MP: 5/5
  2405 | D:4      | Found a staircase to the Ecumenical Temple.
  2733 | D:5      | Entered Level 5 of the Dungeon
  2746 | D:5      | Reached skill level 7 in Axes
  2785 | D:5      | Reached XP level 7. HP: 33/57 MP: 6/6
  2868 | D:5      | Reached skill level 8 in Axes
  3267 | D:5      | Reached skill level 9 in Axes
  3444 | D:5      | Reached * piety under Qazlal
  3529 | D:6      | Found a glowing drain.
  3532 | D:6      | Reached XP level 8. HP: 63/64 MP: 7/7
  3549 | Sewer    | Entered a sewer
  3703 | Sewer    | Found a burning altar of Makhleb.
  3708 | Sewer    | Noticed Grinder
  3735 | Sewer    | Paralysed by Grinder for 7 turns
  3744 | Sewer    | Paralysed by Grinder for 3 turns
  3748 | Sewer    | Reached skill level 10 in Axes
  3757 | Sewer    | Killed Grinder
  3791 | Sewer    | Reached ** piety under Qazlal
  4383 | D:6      | Reached skill level 11 in Axes
  4427 | D:6      | Found a blossoming altar of Fedhas.
  4499 | D:6      | Found a glowing silver altar of Zin.
  4632 | D:6      | Killed from afar by a steam dragon

Skill      XL: |  1  2  3  4  5  6  7  8 |
---------------+-------------------------+-----
Axes           | 3 4 5 6 7 9 11 | 11.5
Shields        | 4 5 6 7 8 |  8.7
Fighting       | |  3.6
Armour         | |  3.6

Action                   |  1- 3 |  4- 6 |  7- 9 || total
-------------------------+-------+-------+-------++-------
Melee: War axe           |    88 |    87 |   256 ||   431
       Headbutt          |     6 |    19 |    40 ||    65
  Use: Potion            |       |     1 |     2 ||     3
       Scroll            |       |       |     6 ||     6
  Eat: Chunk             |       |     4 |     2 ||     6
       Meat ration       |       |     1 |       ||     1
Armor: Scale mail        |    28 |    24 |    81 ||   133
Dodge: Dodged            |    33 |    31 |    80 ||   144
Block: Shield            |    58 |    52 |   130 ||   240
